 Dungeon Crawl Stone Soup version 0.30.0-29-ga12c61a403 (webtiles) character file.

Game seed: 15100361224447485230

3505 olmar the Martial Artist (level 10, -3/76 HPs)
             Began as a Gnoll Transmuter on June 11, 2023.
             Was an Initiate of Gozag.
             Slain by a death knight
             ... wielding a +0 heavy battleaxe
              (42 damage)
             ... on level 8 of the Dungeon.
             The game lasted 00:12:10 (8038 turns).

olmar the Martial Artist (Gnoll Transmuter)         Turns: 8038, Time: 00:12:10

Health: -3/76      AC:  9    Str: 10    XL:     10   Next: 7%
Magic:  18/20      EV: 16    Int: 25    God:    Gozag
Gold:   478        SH:  0    Dex: 17    Spells: 11/23 levels left

rFire   . . .        y - +6 trident "Moch" {freeze, Will+ Int+9 Dex-2}
rCold   . . .        (no shield)
rNeg    . . .        w - +0 steam dragon scales
rPois   .            (no helmet)
rElec   .            (no cloak)
rCorr   .            u - +0 pair of gloves
SInv    .            l - +1 pair of boots
Will    +....        (no amulet)
Stlth   +++          e - +4 ring of slaying
HPRegen 0.32/turn    D - +6 ring of dexterity
MPRegen 0.17/turn

%: no passive effects
@: no status effects
A: fangs 1, strong nose, distributed training
a: Renounce Religion, Potion Petition, Call Merchant, Bribe Branch


You were on level 8 of the Dungeon.
You worshipped Gozag.
Gozag was aware of your devotion.
You visited 2 branches of the dungeon, and saw 9 of its levels.

You collected 678 gold pieces.
You paid 200 gold pieces to Gozag.

Inventory:

Hand Weapons
 k - a +1 flail of draining
 y - the +6 trident "Moch" (weapon) {freeze, Will+ Int+9 Dex-2}
   (You found it on level 6 of the Dungeon)

   Int:       It affects your intelligence (+9).
   Dex:       It affects your dexterity (-2).
   Will:      It increases your willpower.
Missiles
 h - 4 silver javelins
Armour
 a - a +0 robe
 j - a +3 leather armour of fire resistance
 l - a +1 pair of boots (worn)
 u - a +0 pair of gloves (worn)
 w - +0 steam dragon scales (worn)
Magical Staves
 f - a staff of earth
 s - the staff of air "Ixesu" {Contam rElec Str+4 SInv}
   (You found it on level 4 of the Dungeon)

   [staff of air]

   Base accuracy: +5 Base damage: 5 Base attack delay: 1.2 This weapon's minimum
   attack delay (0.6) is reached at skill level 12.
   Str:       It affects your strength (+4).
   rElec:     It insulates you from electricity.
   SInv:      It lets you see invisible.
   Contam:    It causes magical contamination when unequipped.
   It falls into the 'Staves' category.
   It is a one-handed weapon.
 t - a staff of death
Jewellery
 e - a +4 ring of slaying (left hand)
 D - a +6 ring of dexterity (right hand)
Scrolls
 g - 2 scrolls of immolation
 m - 2 scrolls of teleportation
 n - 3 scrolls of fear
 p - 2 scrolls of noise
 E - a scroll of amnesia {unknown}
 F - a scroll of fog {unknown}
Potions
 c - 2 potions of cancellation
 d - 4 potions of heal wounds
 i - 2 potions of attraction {unknown}
 o - a potion of resistance {unknown}
 q - 6 potions of curing
 r - a potion of brilliance {unknown}
 v - 2 potions of haste
 x - 2 potions of magic
 z - a potion of flight {unknown}
 A - a potion of invisibility {unknown}
 C - a potion of mutation {unknown}


   Skills:
 + Level 5.8 Fighting
 + Level 5.1 Short Blades
 + Level 5.1 Long Blades
 + Level 5.1 Axes
 + Level 5.1 Maces & Flails
 + Level 5.1 Polearms
 + Level 5.1 Staves
 + Level 5.1 Ranged Weapons
 + Level 5.1 Throwing
 + Level 5.1 Armour
 + Level 6.9 Dodging
 + Level 5.1 Stealth
 + Level 5.1 Shields
 + Level 8.4 Unarmed Combat
 + Level 7.2 Spellcasting
 + Level 4.2 Conjurations
 + Level 4.2 Hexes
 + Level 4.2 Summonings
 + Level 4.2 Necromancy
 + Level 4.2 Translocations
 + Level 5.7 Transmutations
 + Level 4.2 Fire Magic
 + Level 4.2 Ice Magic
 + Level 4.2 Air Magic
 + Level 4.2 Earth Magic
 + Level 4.2 Poison Magic
 + Level 5.6 Invocations
 + Level 5.1 Evocations


You had 11 spell levels left.
You knew the following spells:

 Your Spells              Type           Power      Damage    Failure   Level
a - Beastly Appendage     Tmut           74%        N/A       1%          1
b - Wereblood             Tmut           37%        N/A       1%          2
c - Spider Form           Tmut/Pois      34%        N/A       2%          3
d - Volatile Blastmotes   Fire/Tloc      60%        2d15      3%          3
e - Dazzling Flash        Conj/Hex       60%        N/A       3%          3

Your spell library contained the following spells:

 Spells                   Type           Power      Damage    Failure   Level
 Cigotuvi's Dreadful Rot  Necr/Pois/Air  60%        N/A       1%          2
 Ignite Poison            Fire/Tmut/Pois 32%        N/A       2%          3
 Ice Form                 Ice/Tmut       34%        N/A       9%          4
 Dispel Undead            Necr           30%        3d14      12%         4
 Iskenderun's Mystic Bla  Conj/Tloc      30%        2d8       12%         4
 Sticky Flame             Conj/Fire      30%        2d5       12%         4
 Death Channel            Necr           15%        N/A       87%         6
 Starburst                Conj/Fire      15%        6d6       87%         6
 Ignition                 Fire           15%        3d6       100%        8


Dungeon Overview and Level Annotations

Branches:
Dungeon (8/15)             Temple (1/1) D:7
   Lair: D:8-11

Altars:
Ashenzari
Cheibriados
Elyvilon
Fedhas
Gozag
Hepliaklqana
Kikubaaqudgha
Makhleb
Nemelex Xobeh
Okawaru
Ru
Trog
Uskayaw
Vehumet
Wu Jian
Xom
Yredelemnul
The Shining One

Shops:
D:4 (


Innate Abilities, Weirdness & Mutations

You have very sharp teeth.
Your uncanny sense of smell can sniff out nearby items.
Your experience applies equally to all skills.


Message History

Done exploring.
Done exploring.
Unknown command.
(D) Dungeon (T) Temple
Where to? (Enter - D:7, ? - help)
There is a stone staircase leading down here.
You climb downwards.
There is a stone staircase leading up here.
Unknown command.
A death knight is nearby!
Casting: Wereblood (safe; 1% risk of failure)
Confirm with . or Enter, or press ? or * to list all spells.
Okay, then.
Casting: Wereblood (safe; 1% risk of failure)
Confirm with . or Enter, or press ? or * to list all spells.
Casting: Dazzling Flash (dangerous; 3% risk of failure)
Press: ? - help, Dir - look around, f - activate Unknown command.
You hit the death knight. You freeze the death knight.
The death knight is lightly wounded.
The death knight closely misses you.
Unknown command.
You closely miss the death knight.
You bite the death knight, but do no damage.
The death knight is lightly wounded.
The death knight misses you.
Unknown command.
You puncture the death knight! You freeze the death knight.
The death knight is moderately wounded.
Unknown command.
You hit the death knight. You freeze the death knight.
The death knight is moderately wounded.
The death knight mumbles some strange prayers to Yredelemnul against you.
Your body is wracked with pain!
You closely miss the death knight.
The death knight is moderately wounded.
The death knight hits you with a +0 heavy battleaxe!!!
Ouch! That really hurt!
You die...
Your body crumbles into a pile of gold.

###########
#.......p.# #.#
#@# ########<# #.#
.......#.##### #.#
.............# #.#
...###.#.###.# #.#
....##.#.# #.###.#
...###.#p###.....#
#......#.........#
#.##########.###.#


You could see a death knight.

Vanquished Creatures
  An unseen horror (D:8)
  A hornet (D:7)
  Grinder (D:4)
  Prince Ribbit (D:7)
  Sigmund (D:5)
  Eustachio (D:4)
  A steam dragon (D:8)
  A sky beast (D:8)
  An ogre (D:5)
  A black bear (D:7)
  2 ice beasts
  3 orc warriors
  A phantom (D:7)
  A gnoll sergeant (D:6)
  2 scorpions (D:4)
  5 wights (D:6)
  A hound (D:5)
  6 orc priests
  4 jellies
  A sleepcap (D:7)
  5 iguanas
  7 orc wizards
  9 gnolls
  9 adders
  2 shadow imps
  A worm (D:4)
  49 orcs
  3 endoplasms
  3 giant cockroaches
  6 goblins
  13 hobgoblins
  2 jackals (D:3)
  A quokka (D:3)
  9 ball pythons
  6 bats
  2 frilled lizards (D:3)
  4 kobolds
  6 rats
173 creatures vanquished.

Notes
Turn   | Place    | Note
-------+----------+-------------------------------------------
     0 | D:1      | olmar the Gnoll Transmuter began the quest for the Orb.
     0 | D:1      | Reached XP level 1. HP: 17/17 MP: 6/6
   177 | D:1      | Reached XP level 2. HP: 23/23 MP: 5/7
   978 | D:2      | Reached skill level 5 in Spellcasting
   978 | D:2      | Reached XP level 3. HP: 27/28 MP: 7/9
  1001 | D:2      | Learned a level 2 spell: Wereblood
  1072 | D:2      | Reached skill level 1 in Invocations
  1276 | D:2      | Reached skill level 1 in Short Blades
  1276 | D:2      | Reached skill level 1 in Long Blades
  1276 | D:2      | Reached skill level 1 in Axes
  1276 | D:2      | Reached skill level 1 in Maces & Flails
  1276 | D:2      | Reached skill level 1 in Polearms
  1276 | D:2      | Reached skill level 1 in Staves
  1276 | D:2      | Reached skill level 1 in Ranged Weapons
  1276 | D:2      | Reached skill level 1 in Throwing
  1276 | D:2      | Reached skill level 1 in Armour
  1276 | D:2      | Reached skill level 1 in Stealth
  1276 | D:2      | Reached skill level 1 in Shields
  1276 | D:2      | Reached skill level 1 in Evocations
  1294 | D:2      | Reached XP level 4. HP: 34/34 MP: 9/11
  1368 | D:3      | Found a faded altar of an unknown god.
  1480 | D:3      | Reached skill level 1 in Conjurations
  1480 | D:3      | Reached skill level 1 in Hexes
  1480 | D:3      | Reached skill level 1 in Summonings
  1480 | D:3      | Reached skill level 1 in Necromancy
  1480 | D:3      | Reached skill level 1 in Translocations
  1480 | D:3      | Reached skill level 1 in Fire Magic
  1480 | D:3      | Reached skill level 1 in Ice Magic
  1480 | D:3      | Reached skill level 1 in Air Magic
  1480 | D:3      | Reached skill level 1 in Earth Magic
  1480 | D:3      | Reached skill level 1 in Poison Magic
  1530 | D:3      | Found a shimmering altar of Xom.
  1531 | D:3      | Found a hazy altar of Hepliaklqana.
  1532 | D:3      | Noticed a spectral ugly thing
  1643 | D:3      | Reached XP level 5. HP: 31/40 MP: 9/12
  1779 | D:3      | Found a bloodstained altar of Trog.
  2276 | D:4      | Identified the staff of air "Ixesu" {Contam rElec Str+4
                  | SInv}
  2368 | D:4      | Reached skill level 5 in Dodging
  2368 | D:4      | Reached XP level 6. HP: 14/47 MP: 10/14
  2711 | D:4      | Noticed Grinder
  2720 | D:4      | Killed Grinder
  2721 | D:4      | Reached skill level 7 in Unarmed Combat
  2721 | D:4      | Reached XP level 7. HP: 46/52 MP: 15/15
  2870 | D:4      | Noticed Eustachio
  2889 | D:4      | Killed Eustachio
  3242 | D:4      | Found Bosuigia's Weapon Emporium.
  3300 | D:5      | Entered Level 5 of the Dungeon
  3538 | D:5      | Reached XP level 8. HP: 60/60 MP: 13/16
  3566 | D:5      | Learned a level 3 spell: Spider Form
  3624 | D:5      | You fall into a shaft and drop 3 floors!
  3638 | D:8      | Noticed a death knight
  4430 | D:8      | Killed an unseen horror
  4431 | D:8      | Reached skill level 5 in Transmutations
  4431 | D:8      | Reached XP level 9. HP: 21/67 MP: 16/18
  4907 | D:7      | Noticed a hornet
  5098 | D:7      | Learned a level 3 spell: Volatile Blastmotes
  5204 | D:7      | Found a staircase to the Ecumenical Temple.
  5210 | D:7      | Noticed Prince Ribbit
  5235 | D:7      | Killed Prince Ribbit
  5236 | D:7      | Reached skill level 5 in Fighting
  5243 | Temple   | Entered the Ecumenical Temple
  5530 | D:6      | Learned a level 3 spell: Dazzling Flash
  5563 | D:6      | Found a radiant altar of Vehumet.
  5674 | D:6      | Reached skill level 8 in Unarmed Combat
  5837 | D:6      | Reached skill level 5 in Invocations
  6022 | D:6      | Found an opulent altar of Gozag.
  6030 | D:6      | Became a worshipper of Gozag Ym Sagoz the Greedy
  6154 | D:6      | Identified the +6 trident "Moch" {freeze, Will+ Int+9
                  | Dex-2}
  6530 | D:5      | Found an ancient bone altar of Kikubaaqudgha.
  6593 | D:5      | Noticed Sigmund
  6599 | D:5      | Killed Sigmund
  7313 | D:7      | Killed a hornet
  7314 | D:7      | Reached skill level 5 in Short Blades
  7314 | D:7      | Reached skill level 5 in Long Blades
  7314 | D:7      | Reached skill level 5 in Axes
  7314 | D:7      | Reached skill level 5 in Maces & Flails
  7314 | D:7      | Reached skill level 5 in Polearms
  7314 | D:7      | Reached skill level 5 in Staves
  7314 | D:7      | Reached skill level 5 in Ranged Weapons
  7314 | D:7      | Reached skill level 5 in Throwing
  7314 | D:7      | Reached skill level 5 in Armour
  7314 | D:7      | Reached skill level 5 in Stealth
  7314 | D:7      | Reached skill level 5 in Shields
  7314 | D:7      | Reached skill level 5 in Evocations
  7314 | D:7      | Reached XP level 10. HP: 32/76 MP: 20/20
  7814 | D:7      | Found a sacrificial altar of Ru.
  7814 | D:7      | Found a broken altar of Ashenzari.
  7814 | D:7      | Found a snail-covered altar of Cheibriados.
  7829 | D:7      | Found a hide-covered altar of Uskayaw.
  7832 | D:7      | Found an iron altar of Okawaru.
  8038 | D:8      | Slain by a death knight

Illustrated notes

Levels and vault maps discovered:
D:1:      grunt_arrival_crossed_arrows, layout_loops_ring, roderic_lattice_a,
          minmay_misc_feat_alley, ebering_dispersal_statue_hall
D:2:      layout_rooms, kennysheep_generic_room_7
D:3:      layout_loops_ring, regret_index_temple_of_mockery, bloody_trog,
          hellmonk_ecumenical_altar_pennies_from_heaven, minmay_joined_circles
D:4:      layout_loops_ring, dreamdust_mushroom_princess,
          kennysheep_small_square, uniq_grinder, uniq_eustachio
D:5:      layout_loops_cross, nicolae_kikubaaqudgha_miasma_corner,
          chequers_jeans, uniq_sigmund
D:6:      layout_basic, mainiacjoe_overflow_cross_hatched,
          grunt_gozag_breadcrumbs
D:7:      layout_loops_ring, minmay_overflow_temple_star_hex,
          minmay_temple_entry_large_hall, uniq_prince_ribbit1
D:8:      layout_loops_corners, special_room [special_room_orc],
          minmay_microvault
Temple:   nicolae_temple_superstar

Skill      XL: |  1  2  3  4  5  6  7  8  9 |
---------------+----------------------------+-----
Spellcasting   | 5 6 7 |  7.2
Invocations    | 1 2 3 4 5 |  5.6
Short Blades   | 1 2 3 4 5 |  5.1
Long Blades    | 1 2 3 4 5 |  5.1
Axes           | 1 2 3 4 5 |  5.1
Maces & Flails | 1 2 3 4 5 |  5.1
Polearms       | 1 2 3 4 5 |  5.1
Staves         | 1 2 3 4 5 |  5.1
Ranged Weapons | 1 2 3 4 5 |  5.1
Throwing       | 1 2 3 4 5 |  5.1
Armour         | 1 2 3 4 5 |  5.1
Stealth        | 1 2 3 4 5 |  5.1
Shields        | 1 2 3 4 5 |  5.1
Evocations     | 1 2 3 4 5 |  5.1
Conjurations   | 1 2 3 4 |  4.2
Hexes          | 1 2 3 4 |  4.2
Summonings     | 1 2 3 4 |  4.2
Necromancy     | 1 2 3 4 |  4.2
Translocations | 1 2 3 4 |  4.2
Fire Magic     | 1 2 3 4 |  4.2
Ice Magic      | 1 2 3 4 |  4.2
Air Magic      | 1 2 3 4 |  4.2
Earth Magic    | 1 2 3 4 |  4.2
Poison Magic   | 1 2 3 4 |  4.2
Fighting       | 3 4 5 |  5.8
Transmutations | 4 5 |  5.7
Dodging        | 5 6 |  6.9
Unarmed Combat | 7 8 |  8.4

Action                     |  1- 3 |  4- 6 |  7- 9 | 10-12 || total
---------------------------+-------+-------+-------+-------++-------
  Melee: Unarmed           |    68 |    95 |   204 |       ||   367
         Bite              |     3 |     3 |    18 |     2 ||    26
         Kick              |     5 |    13 |    40 |     2 ||    60
         Headbutt          |     2 |     8 |    14 |       ||    24
         Punch             |     1 |     1 |     9 |     1 ||    12
         Trident           |       |       |    19 |    17 ||    36
   Cast: Beastly Appendage |    12 |    14 |    21 |     1 ||    48
         Wereblood         |       |     9 |    17 |     1 ||    27
         Spider Form       |       |       |     4 |       ||     4
         Dazzling Flash    |       |       |     4 |     1 ||     5
         Volatile Blastmot |       |       |     4 |       ||     4
    Use: Scroll            |     1 |     4 |     8 |     1 ||    14
         Potion            |       |     1 |     3 |       ||     4
   Stab: Sleeping          |     2 |     1 |     4 |       ||     7
         Invisible         |       |       |     3 |       ||     3
 Armour: Robe              |    14 |       |       |       ||    14
         Leather armour    |     5 |    30 |    32 |       ||    67
         Skin              |       |     4 |     8 |       ||    12
         Steam dragon scal |       |       |    27 |     3 ||    30
  Dodge: Dodged            |    44 |    56 |   117 |     5 ||   222
